 Dungeon Crawl Stone Soup version 0.31.0-11-ge490571c62 (webtiles) character file.

Game seed: 13877453111924641818

5 Esekla the Apothecary (level 1, 0/15 HPs)
             Began as a Naga Wanderer on Jan 28, 2024.
             Slain by a kobold
             ... wielding a +0 whip
              (4 damage)
             ... on level 1 of the Dungeon.
             The game lasted 00:02:17 (143 turns).

Esekla the Apothecary (Naga Wanderer)                Turns: 143, Time: 00:02:18

Health: 0/15       AC:  2    Str: 11    XL:     1   Next: 80%
Magic:  3/3        EV:  9    Int: 14    God:
Gold:   8          SH:  0    Dex: 11    Spells: 3/4 levels left

rFire   . . .        a - +0 dagger
rCold   . . .        (no shield)
rNeg    . . .        c - +0 robe
rPois   +            d - +0 helmet
rElec   .            (no cloak)
rCorr   .            (no gloves)
SInv    +            (no barding)
Will    .....        (no amulet)
Stlth   ++           (no ring)
HPRegen 0.22/turn    (no ring)
MPRegen 0.08/turn

%: no passive effects
@: very slow
A: AC +0, large, see invisible, deformed body, poison resistance, slowness 2,
spit poison 1, naga tail 1
a: Spit Poison


You were on level 1 of the Dungeon.
You visited 1 branch of the dungeon, and saw 1 of its levels.

You collected 8 gold pieces.

Inventory:

Hand Weapons
 a - a +0 dagger (weapon)
Armour
 c - a +0 robe (worn)
 d - a +0 helmet (worn)
Scrolls
 b - a scroll of teleportation
Potions
 e - a potion of lignification {unknown}
 f - a potion of attraction {unknown}


   Skills:
 + Level 1.7 Stealth
 * Level 2.0 Spellcasting
 + Level 3.0 Air Magic
 + Level 5.1 Alchemy


You had 3 spell levels left.
You knew the following spells:

 Your Spells              Type           Power      Damage    Failure   Level
p - Apportation           Tloc           2%         N/A       24%         1

Your spell library contained the following spells:

 Spells                   Type           Power      Damage    Failure   Level
 Sting                    Conj/Alch      32%        1d5       9%          1
 Shock                    Conj/Air       20%        1d4       13%         1
 Necrotise                Necr           4%         1d4       24%         1
 Summon Small Mammal      Summ           4%         N/A       24%         1
 Mephitic Cloud           Conj/Alch/Air  9%         N/A       24%         3
 Fulminant Prism          Conj/Alch      4%         3d5       63%         4
 Leda's Liquefaction      Alch/Erth      4%         N/A       63%         4


Dungeon Overview and Level Annotations

Branches:
Dungeon (1/15)

Altars:


Innate Abilities, Weirdness & Mutations

Your serpentine skin is tough. (AC +0)
You have supernaturally acute eyesight. (SInv)
Armour fits poorly on your strangely shaped body.
Your system is resistant to poisons. (rPois)
You cover ground very slowly.
You can spit poison.
You have a snake-like lower body.


Message History

You barely miss the kobold. The kobold hits you but does no damage.
You closely miss the kobold. You punch the kobold.
The kobold is heavily wounded.
The kobold hits you with a +0 whip.
You hit the kobold but do no damage.
The kobold is heavily wounded.
The kobold barely misses you.
You miss the kobold.
The kobold is heavily wounded.
You have got your breath back.
The kobold hits you with a +0 whip.
You barely miss the kobold.
The kobold is heavily wounded.
The kobold barely misses you.
You barely miss the kobold.
The kobold is heavily wounded.
The kobold hits you with a +0 whip.
You closely miss the kobold.
The kobold is heavily wounded.
The kobold hits you with a +0 whip.
You closely miss the kobold.
The kobold is heavily wounded.
The kobold hits you with a +0 whip.
* * * LOW HITPOINT WARNING * * *
You barely miss the kobold. Your punch misses the kobold.
The kobold is heavily wounded.
The kobold hits you but does no damage.
You closely miss the kobold.
The kobold is heavily wounded.
The kobold misses you.
You closely miss the kobold.
The kobold is heavily wounded.
The kobold barely misses you.
You closely miss the kobold.
The kobold is heavily wounded.
The kobold misses you.
You hit the kobold but do no damage.
The kobold is heavily wounded.
The kobold hits you with a +0 whip.
You die...

### #.. #.# ### #.#
#.. #K# #.# #@# #.#
#.#### #.# #....#
#.# ####.# #.#
#.###.#######
#>..........###
#..............
.......#'###...###
..####.......##....


You could see a kobold.

Vanquished Creatures
  An endoplasm (D:1)
  2 hobgoblins (D:1)
  A frilled lizard (D:1)
  A rat (D:1)
5 creatures vanquished.

Notes
Turn   | Place    | Note
-------+----------+-------------------------------------------
     0 | D:1      | Esekla the Naga Wanderer began the quest for the Orb.
     0 | D:1      | Esekla set off with the following items: a +0 club, a
                  | scroll of teleportation, a +0 robe, a +0 helmet; and the
                  | following spells available to memorise: Sting, Shock,
                  | Mephitic Cloud, Fulminant Prism, Leda's Liquefaction.
     0 | D:1      | Reached XP level 1. HP: 15/15 MP: 3/3
    44 | D:1      | Reached skill level 5 in Alchemy
   109 | D:1      | Learned a level 1 spell: Apportation
   143 | D:1      | Slain by a kobold

Illustrated notes

Levels and vault maps discovered:
D:1:      onia_arrival_handbag, layout_basic

Skill      XL: |  1 |
---------------+----+-----
Alchemy        | 5 |  5.1
Stealth        | |  1.7
Spellcasting   | |  2.0
Air Magic      | |  3.0

Action                     || total
---------------------------++-------
  Melee: Dagger            ||    22
         Punch             ||     2
   Cast: Apportation       ||     1
Ability: Spit Poison       ||     5
 Armour: Robe              ||    13
  Dodge: Dodged            ||     9
